 Dungeon Crawl Stone Soup version 0.30-a0-782-ge64f9170bb (webtiles) character file.

Game seed: 10035525804260396616

7 DemonSlayer the Digger (level 1, 0/13 HPs)
             Began as a Demonspawn Earth Elementalist on Feb 18, 2023.
             Frozen to death by an endoplasm (5 damage)
             ... on level 1 of the Dungeon.
             The game lasted 00:00:27 (198 turns).

DemonSlayer the Digger (DsEE)                        Turns: 198, Time: 00:00:28

Health: 0/13       AC:  2    Str:  8    XL:     1   Next: 91%
Magic:  3/3        EV: 12    Int: 16    God:
Gold:   23         SH:  0    Dex: 13    Spells: 3/4 levels left

rFire   . . .      SeeInvis .    (no weapon)
rCold   . . .      Faith    .    (no shield)
rNeg    . . .      Spirit   .    a - +0 robe
rPois   .          Reflect  .    (no helmet)
rElec   .          Harm     .    (no cloak)
rCorr   .          Rampage  .    (no gloves)
Will    .....                    (no boots)
Stlth   ++                       (no amulet)
HPRegen 0.22/turn                (no ring)
MPRegen 0.08/turn                (no ring)

@: no status effects
A: no striking features
a: no special abilities


You were on level 1 of the Dungeon.
You visited 1 branch of the dungeon, and saw 1 of its levels.

You collected 23 gold pieces.

Inventory:

Armour
 a - a +0 robe (worn)
Scrolls
 e - a scroll of poison {unknown}
 f - a scroll of amnesia {unknown}
Potions
 c - a potion of brilliance {unknown}
 d - a potion of curing {unknown}


   Skills:
 + Level 2.0 Dodging
 + Level 1.7 Stealth
 + Level 2.1 Spellcasting
 + Level 0.8 Transmutations
 + Level 2.9 Earth Magic


You had 3 spell levels left.
You knew the following spells:

 Your Spells              Type           Power      Damage    Failure   Level
a - Sandblast             Erth           22%        2d7       6%          1

Your spell library contained the following spells:

 Spells                   Type           Power      Damage    Failure   Level
 Passwall                 Tmut/Erth      5%         N/A       14%         2
 Stone Arrow              Conj/Erth      12%        3d7       32%         3
 Petrify                  Tmut/Erth      7%         N/A       67%         4


Dungeon Overview and Level Annotations

Branches:
Dungeon (1/15)

Altars:


Message History

A giant cockroach comes into view.
You can't see any susceptible monsters within range! (Use Z to cast anyway.)
Found a scale mail.
The blast of sand misses the bat.
The endoplasm quivers.
The bat closely misses you. The bat barely misses you.
The blast of sand hits the bat.
You kill the bat!
The giant cockroach bites you but does no damage.
The blast of sand hits the giant cockroach!
You kill the giant cockroach!
The endoplasm hits you.
You hit the endoplasm.
The endoplasm is lightly wounded.
The endoplasm closely misses you.
You are out of magic!
You are out of magic!
An endoplasm is nearby!
You hit the endoplasm but do no damage.
The endoplasm is lightly wounded.
The endoplasm misses you.
You are out of magic!
You hit the endoplasm but do no damage.
The endoplasm is lightly wounded.
The endoplasm hits you.
You are out of magic!
You hit the endoplasm but do no damage.
The endoplasm is lightly wounded.
The endoplasm hits you.
You barely miss the endoplasm.
The endoplasm is lightly wounded.
The endoplasm barely misses you.
You hit the endoplasm but do no damage.
The endoplasm is lightly wounded.
The endoplasm freezes you.
You are frozen.
Magic courses through your body. The endoplasm freezes you.
You are frozen.
You die...

# .# ..# ##### ...#
....######.....
###.....†.....[
#######......@J......
..............!?.....
####..#.......[#.......
##..#........###.......##
....##.........#.........#
........#.......)........#
......#.....#...#>..#.....#
.....##.[..###.###.###....#
............#..<#...#.....#


You could see an endoplasm.

Vanquished Creatures
  A bat (D:1)
  An endoplasm (D:1)
  2 giant cockroaches (D:1)
  A frilled lizard (D:1)
  A goblin (D:1)
  A rat (D:1)
7 creatures vanquished.

Notes
Turn   | Place    | Note
-------+----------+-------------------------------------------
     0 | D:1      | DemonSlayer the Demonspawn Earth Elementalist began the
                  | quest for the Orb.
     0 | D:1      | Reached XP level 1. HP: 13/13 MP: 3/3
   198 | D:1      | Frozen to death by an endoplasm

Illustrated notes

Levels and vault maps discovered:
D:1:      minmay_arrival_five_plusses, layout_rooms, serial_glass,
          glass_columns_a, glass_columns_b, shapermc_ecumenical_altar_gd,
          amethyst_killhole

Skill      XL: |  1 |
---------------+----+-----
Dodging        | 2 |  2.0
Stealth        | |  1.7
Spellcasting   | |  2.1
Transmutations | |  0.8
Earth Magic    | |  2.9

Action                     || total
---------------------------++-------
  Melee: Unarmed           ||     7
   Cast: Sandblast         ||    12
    Use: Potion            ||     1
 Armour: Robe              ||     3
  Dodge: Dodged            ||     7

Table legend: (Time is in decaauts)
 A = Elapsed time spent in this place.
 B = Non-inter-level travel time spent in this place.
 C = Inter-level travel time spent in this place.
 D = Time resting spent in this place.
 E = Time spent auto-exploring this place.
 F = Levels seen in this place.
 G = Mean time per level.
                   A        B        C        D        E       F      G
               +--------+--------+--------+--------+--------+-----+--------+
         Total |    204 |    204 |      0 |      0 |    152 |   1 |  204.0 |
       Dungeon |    204 |    204 |      0 |      0 |    152 |   1 |  204.0 |
               +--------+--------+--------+--------+--------+-----+--------+

Top non-repeatable levels by time:
     D:1: 204 daAuts
